 Dungeon Crawl Stone Soup version 0.24-a0-584-g9d6b971ae4 (webtiles) character file.

Game seed: 14112108061192564313, levelgen mode: deterministic

33 Gynju the Vexing (level 3, -2/21 HPs)
             Began as a Kobold Arcane Marksman on Sept 3, 2019.
             Slain by a hobgoblin
             ... wielding a +2 hand axe of chopping
              (6 damage)
             ... on level 2 of the Dungeon.
             The game lasted 00:01:32 (1318 turns).

Gynju the Vexing (Kobold Arcane Marksman)           Turns: 1318, Time: 00:01:33

Health: -2/21      AC:  3    Str:  8    XL:     3   Next: 47%
Magic:  5/5        EV: 15    Int: 14    God:
Gold:   54         SH:  0    Dex: 15    Spells: 4/5 levels left

rFire    . . .     SeeInvis .   i - -2 hand axe (curse)
rCold    . . .     Gourm    .   (shield restricted)
rNeg     . . .     Faith    .   g - +0 leather armour
rPois    .         Spirit   .   (no helmet)
rElec    .         Reflect  .   (no cloak)
rCorr    .         Harm     .   (no gloves)
MR       .....                  (no boots)
Stlth    +.........             (no amulet)
HPRegen  0.07/turn              (no ring)
MPRegen  0.09/turn              (no ring)

@: no status effects
A: small, carnivore
a: no special abilities


You were on level 2 of the Dungeon.
You were very full.

You visited 1 branch of the dungeon, and saw 2 of its levels.

You collected 54 gold pieces.

Inventory:

Hand Weapons
 a - a +0 hand crossbow
 i - a cursed -2 hand axe (weapon)
Missiles
 d - 15 bolts
Armour
 g - a +0 leather armour (worn)
Jewellery
 h - a cursed ring of teleportation {unknown}
Scrolls
 b - a scroll of identify {unknown}
Potions
 c - a potion of cancellation {unknown}
 e - 2 potions of degeneration {unknown}
Comestibles
 f - 7 rations


   Skills:
 + Level 1.7 Fighting
 + Level 2.9 Crossbows
 + Level 3.0 Dodging
 + Level 1.6 Spellcasting
 + Level 3.2 Hexes


You had 4 spell levels left.
You knew the following spells:

 Your Spells              Type           Power        Failure   Level  Hunger
a - Corona                Hex            ##.....      10%         1    ##.....

Your spell library contained the following spells:

 Spells                   Type           Power        Failure   Level  Hunger
 Slow                     Hex            ##......     14%         2    ###....
 Inner Flame              Hex/Fire       #.......     50%         3    ####...
 Portal Projectile        Hex/Tloc       #.....       50%         3    ####...
 Cause Fear               Hex            ##........   67%         4    #####..
 Leda's Liquefaction      Hex/Erth       #.........   88%         4    #####..


Dungeon Overview and Level Annotations

Branches:
Dungeon (2/15)

Altars:


Innate Abilities, Weirdness & Mutations

You are small and have problems with some larger weapons.
You are carnivorous and can eat meat at any time.


Message History

You are too injured to fight recklessly!
You are too injured to fight recklessly!
You are too injured to fight recklessly!
You are too injured to fight recklessly!
You are too injured to fight recklessly!
You are too injured to fight recklessly!
You are too injured to fight recklessly!
You are too injured to fight recklessly!
You are too injured to fight recklessly!
You are too injured to fight recklessly!
You are too injured to fight recklessly!
You are too injured to fight recklessly!
You are too injured to fight recklessly!
You are too injured to fight recklessly!
You are too injured to fight recklessly!
You are too injured to fight recklessly!
You are too injured to fight recklessly!
You hit the hobgoblin but do no damage.
The hobgoblin hits you with a +2 hand axe of chopping.
You die...

#######.#
#...... ###.###
#..#### #.....#
#...#
######.....#
##..#
#....(.....#
#..#
#.####.....#
#..# #.#
#.....# #..#
#.#############
#..#
#((....@g......
#..#
###############
#..# ####


You could see a hobgoblin.

Vanquished Creatures
  A dart slug (D:1)
  A leopard gecko (D:1)
  6 bats (D:1)
  2 giant cockroaches (D:1)
  3 hobgoblins (D:1)
  4 jackals (D:2)
  3 kobolds
  A quokka (D:2)
  A ball python (D:1)
  4 frilled lizards
  3 goblins (D:1)
29 creatures vanquished.

Notes
Turn   | Place    | Note
-------+----------+-------------------------------------------
     0 | D:1      | Gynju the Kobold Arcane Marksman began the quest for the
                  | Orb.
     0 | D:1      | Reached XP level 1. HP: 12/12 MP: 2/2
   123 | D:1      | Reached XP level 2. HP: 16/16 MP: 3/3
   511 | D:1      | Reached XP level 3. HP: 20/20 MP: 5/5
  1318 | D:2      | Slain by a hobgoblin

Levels and vault maps discovered:
D:1:      psy_arrival_spokes, layout_loops_ring, hangedman_decor_growths,
          serial_park_tiny_pond, minmay_pentomino_v2
D:2:      layout_loops_ring, nicolae_gozag_cash_rules_everything_around_me,
          uniq_crazy_yiuf_cottage, uniq_jessica

Skill      XL: |  1  2  3 |
---------------+----------+-----
Dodging        | 3 |  3.0
Fighting       | |  1.7
Crossbows      | |  2.9
Spellcasting   | |  1.6
Hexes          | |  3.2

Action                   || total
-------------------------++-------
Melee: Hand axe          ||    52
 Fire: Hand crossbow     ||    47
  Eat: Chunk             ||     9
Armor: Leather armour    ||    16
Dodge: Dodged            ||    69

Table legend:
 A = Non-vault XP
 B = Vault XP
 C = Vault XP percentage of total XP
 D = Non-vault monster count
 E = Vault monster count
 F = Vault count percentage of total count
                 A         B        C        D         E       F
            +---------+---------+-------+---------+---------+-------
      Total |      46 |       2 |   4.2 |      28 |       1 |   3.4
            +---------+---------+-------+---------+---------+-------
        D:1 |      34 |       2 |   5.6 |      21 |       1 |   4.5
        D:2 |      12 |       0 |   0.0 |       7 |       0 |   0.0
            +---------+---------+-------+---------+---------+-------
